BLB
SEATTLE PILOTS @ WASHINGTON BATS
06/19/2060
 
TOP OF THE 1ST
Seattle Pilots batting - Pitching for Washington Bats : LHP Reid Rothstein
Pitching: LHP Reid Rothstein
Batting: RHB Douglas Morrison 0-0: Ball
1-0: Called Strike
1-1: SINGLE (Line Drive, 7LS, EV 109.4 MPH)
Batting: LHB Ryan Carr 0-0: Ball
Douglas Morrison steals 2nd base (no throw)
1-0: Ball
2-0: Ball
3-0: Called Strike
3-1: Called Strike
3-2: Strikes out swinging
Batting: LHB Cade McCormick 0-0: Ball
1-0: Ball
2-0: Foul Ball, location: 2F
2-1: Swinging Strike
2-2: Foul Ball, location: 2F
2-2: DOUBLE (Flyball, 78D, EV 88.1 MPH)
Douglas Morrison scores
Batting: RHB Nickolas Kennedy 0-0: Called Strike
0-1: Ball
1-1: Swinging Strike
1-2: Ball
2-2: Strikes out looking
Batting: RHB Jesse Baker 0-0: Foul Ball, location: 2F
0-1: Called Strike
0-2: Ball
1-2: Ball
2-2: DOUBLE (Line Drive, 9LD, EV 109.4 MPH)
Cade McCormick scores
Batting: RHB Cole Kleiner 0-0: Foul Ball, location: 2F
0-1: Ball
1-1: Foul Ball, location: 2F
1-2: SINGLE (Groundball, 34D, EV 96.2 MPH)
Jesse Baker to third
Runner from 3rd tries for Home, SAFE, throw by RF to home
Batting: RHB Rice Mesyan 0-0: Called Strike
0-1: Ball
1-1: Swinging Strike
1-2: Foul Ball, location: 2F
1-2: Ball
2-2: Fielders Choice at 2nd, 6-4 (Groundball, 6, EV 87.5 MPH)
Top of the 1st over - 3 runs, 4 hits, 0 errors, 1 left on base; Seattle 3 - Washington 0
BOTTOM OF THE 1ST
Washington Bats batting - Pitching for Seattle Pilots : RHP Douglas Okeyo
Pitching: RHP Douglas Okeyo
Batting: RHB Owen Dooley 0-0: Ball
1-0: Ball
2-0: Called Strike
2-1: Swinging Strike
2-2: Strikes out swinging
Batting: SHB Detwon Ayala 0-0: Ball
1-0: Called Strike
1-1: Swinging Strike
1-2: Strikes out swinging
Batting: RHB Hayden Jones 0-0: Called Strike
0-1: SINGLE (Groundball, 6S, EV 68.1 MPH) (infield hit)
Batting: RHB Parker Lee 0-0: Swinging Strike
0-1: Ball
1-1: Foul Ball, location: 2F
1-2: Strikes out swinging
Bottom of the 1st over - 0 runs, 1 hit, 0 errors, 1 left on base; Seattle 3 - Washington 0
TOP OF THE 2ND
Seattle Pilots batting - Pitching for Washington Bats : LHP Reid Rothstein
Batting: RHB Dalton Howland 0-0: Called Strike
0-1: Ball
1-1: Ball
2-1: SINGLE (Line Drive, 89S, EV 96.9 MPH)
Batting: RHB Kynan Shaw 0-0: Ball
1-0: Fly out, F9 (Line Drive, 89M, EV 98.1 MPH)
Batting: RHB Douglas Morrison 0-0: Foul Ball, location: 2F
0-1: Foul Ball, location: 2F
0-2: Ball
1-2: Ball
2-2: Strikes out swinging
Batting: LHB Ryan Carr 0-0: Ball
1-0: Ball
2-0: Swinging Strike
2-1: SINGLE (Groundball, 34D, EV 105.6 MPH)
Dalton Howland to second
Runner from 2nd tries for 3rd, SAFE, throw by RF made to third
Batting: LHB Cade McCormick 0-0: Ball
1-0: Foul Ball, location: 2F
1-1: Ball
2-1: Fly out, F9 (Flyball, 89S, EV 89.4 MPH)
Top of the 2nd over - 0 runs, 2 hits, 0 errors, 2 left on base; Seattle 3 - Washington 0
BOTTOM OF THE 2ND
Washington Bats batting - Pitching for Seattle Pilots : RHP Douglas Okeyo
Batting: LHB Dominick Hanneken 0-0: Called Strike
0-1: Ball
1-1: Ball
2-1: DOUBLE (Line Drive, 3D, EV 98.8 MPH)
Batting: SHB Josiah White 0-0: Ball
1-0: Foul Ball, location: 2F
1-1: Ground out 4-3 (Groundball, 4, EV 82.5 MPH)
Dominick Hanneken to third
Batting: LHB Joel Bell 0-0: Called Strike
0-1: SINGLE (Line Drive, 78S, EV 103.1 MPH)
Dominick Hanneken scores
Batting: RHB Zechariah Norkus 0-0: Called Strike
0-1: Ball
1-1: Swinging Strike
1-2: Grounds into double play, 6-4-3 (Groundball, 56, EV 86.9 MPH)
Bottom of the 2nd over - 1 run, 2 hits, 0 errors, 0 left on base; Seattle 3 - Washington 1
TOP OF THE 3RD
Seattle Pilots batting - Pitching for Washington Bats : LHP Reid Rothstein
Batting: RHB Nickolas Kennedy 0-0: Ground out 5-3 (Groundball, 5, EV 98.1 MPH)
Batting: RHB Jesse Baker 0-0: Ground out 6-3 (Groundball, 6, EV 104.4 MPH)
Batting: RHB Cole Kleiner 0-0: Called Strike
0-1: Called Strike
0-2: Strikes out looking
Top of the 3rd over - 0 runs, 0 hits, 0 errors, 0 left on base; Seattle 3 - Washington 1
BOTTOM OF THE 3RD
Washington Bats batting - Pitching for Seattle Pilots : RHP Douglas Okeyo
Batting: RHB Jeremy Hollabaugh 0-0: Ball
1-0: Foul Ball, location: 2F
1-1: Swinging Strike
1-2: Strikes out swinging
Batting: RHB Owen Dooley 0-0: Foul Ball, location: 2F
0-1: Foul Ball, location: 2F
0-2: Ball
1-2: Ball
2-2: SINGLE (Groundball, 6MS, EV 71.2 MPH) (infield hit)
Batting: SHB Detwon Ayala 0-0: Ball
1-0: Swinging Strike
1-1: Ball
Owen Dooley steals 2nd base
2-1: Fly out, F8 (Line Drive, 8LD, EV 89.4 MPH)
Batting: RHB Hayden Jones 0-0: Foul Ball, location: 2F
0-1: Ball
1-1: SINGLE (Flyball, 78S, EV 88.8 MPH)
Owen Dooley to third
Runner from 3rd tries for Home, SAFE, throw by CF to home
Batting: RHB Parker Lee 0-0: Ball
1-0: Ball
2-0: Ball
3-0: Fly out, F8 (Flyball, 89M, EV 84.4 MPH)
Bottom of the 3rd over - 1 run, 2 hits, 0 errors, 1 left on base; Seattle 3 - Washington 2
TOP OF THE 4TH
Seattle Pilots batting - Pitching for Washington Bats : LHP Reid Rothstein
Batting: RHB Rice Mesyan 0-0: Ball
1-0: Ball
2-0: Called Strike
2-1: Called Strike
2-2: Foul Ball, location: 2F
2-2: Strikes out swinging
Batting: RHB Dalton Howland 0-0: Swinging Strike
0-1: Foul Ball, location: 2F
0-2: Strikes out looking
Batting: RHB Kynan Shaw 0-0: Swinging Strike
0-1: Swinging Strike
0-2: DOUBLE (Flyball, 78D, EV 99.4 MPH)
Batting: RHB Douglas Morrison 0-0: Ball
1-0: Foul Ball, location: 2F
1-1: Ball
2-1: Fly out, F6 (Line Drive, 6M, EV 71.9 MPH)
Top of the 4th over - 0 runs, 1 hit, 0 errors, 1 left on base; Seattle 3 - Washington 2
BOTTOM OF THE 4TH
Washington Bats batting - Pitching for Seattle Pilots : RHP Douglas Okeyo
Batting: LHB Dominick Hanneken 0-0: Called Strike
0-1: Fly out, F9 (Flyball, 9LM, EV 87.5 MPH)
Batting: SHB Josiah White 0-0: Ball
1-0: Fly out, F9 (Flyball, 9D, EV 91.9 MPH)
Batting: LHB Joel Bell 0-0: SINGLE (Line Drive, 5D, EV 98.8 MPH)
Batting: RHB Zechariah Norkus 0-0: Ball
1-0: Ball
2-0: Ball
3-0: Called Strike
3-1: Ground out 5-3 (Groundball, 5L, EV 101.9 MPH)
Bottom of the 4th over - 0 runs, 1 hit, 0 errors, 1 left on base; Seattle 3 - Washington 2
TOP OF THE 5TH
Seattle Pilots batting - Pitching for Washington Bats : LHP Reid Rothstein
Batting: LHB Ryan Carr 0-0: Ball
1-0: Ball
2-0: Foul Ball, location: 2F
2-1: Foul Ball, location: 2F
2-2: Ball
3-2: Foul Ball, location: 2F
3-2: Fly out, F9 (Flyball, 89XD, EV 98.8 MPH)
Batting: LHB Cade McCormick 0-0: Ball
1-0: Called Strike
1-1: Called Strike
1-2: Strikes out swinging
Batting: RHB Nickolas Kennedy 0-0: Called Strike
0-1: Foul Ball, location: 2F
0-2: Ball
1-2: Ground out 1-3 (Groundball, 34S, EV 64.4 MPH)
Top of the 5th over - 0 runs, 0 hits, 0 errors, 0 left on base; Seattle 3 - Washington 2
BOTTOM OF THE 5TH
Washington Bats batting - Pitching for Seattle Pilots : RHP Douglas Okeyo
Batting: RHB Jeremy Hollabaugh 0-0: Foul Ball, location: 2F
0-1: Called Strike
0-2: Ball
1-2: DOUBLE (Line Drive, 78XD, EV 110.0 MPH)
Batting: RHB Owen Dooley 0-0: Called Strike
0-1: Ball
1-1: Ground out 5-3 (Groundball, 5, EV 105.6 MPH)
Batting: SHB Detwon Ayala 0-0: Ball
1-0: Foul Ball, location: 2F
1-1: Called Strike
1-2: Ball
Wild Pitch!
Jeremy Hollabaugh to third
2-2: Ball
3-2: SINGLE (Line Drive, 9S, EV 85.0 MPH)
Jeremy Hollabaugh scores
Batting: RHB Hayden Jones 0-0: Ball
1-0: Grounds into double play, 6-4-3 (Groundball, 6, EV 81.9 MPH)
Bottom of the 5th over - 1 run, 2 hits, 0 errors, 0 left on base; Seattle 3 - Washington 3
TOP OF THE 6TH
Seattle Pilots batting - Pitching for Washington Bats : LHP Reid Rothstein
Batting: RHB Jesse Baker 0-0: Ball
1-0: Ball
2-0: Foul Ball, location: 2F
2-1: DOUBLE (Groundball, 3L, EV 96.2 MPH)
Batting: RHB Cole Kleiner 0-0: Ball
1-0: DOUBLE (Flyball, 8RXD, EV 108.1 MPH)
Jesse Baker scores
Batting: RHB Rice Mesyan 0-0: Called Strike
0-1: Ball
1-1: SINGLE (Groundball, 56D, EV 101.9 MPH)
Cole Kleiner to third
Batting: RHB Dalton Howland 0-0: Foul Ball, location: 2F
0-1: Ball
1-1: Ball
2-1: Ball
3-1: SINGLE (Groundball, 6MD, EV 94.4 MPH)
Cole Kleiner scores
Rice Mesyan to second
Pitching: LHP Kyle Nicholas
Batting: RHB Kynan Shaw 0-0: Sac Bunt to 2L - play at first, batter OUT! 2-3
Rice Mesyan to third
Dalton Howland to second
Batting: RHB Douglas Morrison 0-0: Foul Ball, location: 2F
0-1: Ball
1-1: Called Strike
1-2: Strikes out swinging
Batting: LHB Ryan Carr 0-0: Ball
1-0: Ground out 1-3 (Groundball, 13, EV 70.0 MPH)
Top of the 6th over - 2 runs, 4 hits, 0 errors, 2 left on base; Seattle 5 - Washington 3
BOTTOM OF THE 6TH
Washington Bats batting - Pitching for Seattle Pilots : RHP Douglas Okeyo
Batting: RHB Parker Lee 0-0: Ball
1-0: Ball
2-0: Called Strike
2-1: Foul Ball, location: 2F
2-2: Ball
3-2: Ground out 5-3 (Groundball, 25, EV 83.8 MPH)
Batting: LHB Dominick Hanneken 0-0: Called Strike
0-1: Called Strike
0-2: Foul Ball, location: 2F
0-2: Ball
1-2: Fly out, F7 (Flyball, 7LMF, EV 90.6 MPH)
Batting: SHB Josiah White 0-0: Called Strike
0-1: Foul Ball, location: 2F
0-2: Strikes out swinging
Bottom of the 6th over - 0 runs, 0 hits, 0 errors, 0 left on base; Seattle 5 - Washington 3
TOP OF THE 7TH
Seattle Pilots batting - Pitching for Washington Bats : LHP Kyle Nicholas
Batting: LHB Cade McCormick 0-0: Ball
1-0: Ball
2-0: Ball
3-0: Called Strike
3-1: Foul Ball, location: 2F
3-2: Foul Ball, location: 2F
3-2: Strikes out swinging
Batting: RHB Nickolas Kennedy 0-0: Ball
1-0: Ball
2-0: Called Strike
2-1: Ball
3-1: Base on Balls
Batting: RHB Jesse Baker 0-0: Ball
1-0: DOUBLE (Groundball, 5L, EV 107.5 MPH)
Nickolas Kennedy to third
Runner from 3rd tries for Home, SAFE, no throw by LF
Batting: RHB Cole Kleiner 0-0: Ball
1-0: Ground out 1-3 (Groundball, 23, EV 65.6 MPH)
Jesse Baker to third
Batting: RHB Rice Mesyan 0-0: Ball
1-0: Ball
2-0: Called Strike
2-1: Foul Ball, location: 2F
2-2: Strikes out looking
Top of the 7th over - 1 run, 1 hit, 0 errors, 1 left on base; Seattle 6 - Washington 3
BOTTOM OF THE 7TH
Washington Bats batting - Pitching for Seattle Pilots : RHP Douglas Okeyo
Batting: LHB Joel Bell 0-0: Called Strike
0-1: Swinging Strike
0-2: Foul Ball, location: 2F
0-2: Ball
1-2: Ball
2-2: SOLO HOME RUN (Flyball, 9D, EV 94.4 MPH), Distance : 370 ft
Batting: RHB Zechariah Norkus 0-0: Called Strike
0-1: Swinging Strike
0-2: Ball
1-2: Ball
2-2: Strikes out swinging
Pitching: RHP Ryder Middleton
Batting: RHB Jeremy Hollabaugh 0-0: Called Strike
0-1: Ground out 6-3 (Groundball, 6, EV 102.5 MPH)
Batting: RHB Owen Dooley 0-0: Ball
1-0: Called Strike
1-1: Foul Ball, location: 2F
1-2: Strikes out swinging
Bottom of the 7th over - 1 run, 1 hit, 0 errors, 0 left on base; Seattle 6 - Washington 4
TOP OF THE 8TH
Seattle Pilots batting - Pitching for Washington Bats : LHP Kyle Nicholas
Batting: RHB Dalton Howland 0-0: Foul Ball, location: 2F
0-1: Swinging Strike
0-2: Foul Ball, location: 2F
0-2: Ball
1-2: Ball
2-2: Strikes out swinging
Batting: RHB Kynan Shaw 0-0: Ground out 1-3 (Groundball, 34S, EV 67.5 MPH)
Batting: RHB Douglas Morrison 0-0: Called Strike
0-1: Called Strike
0-2: Strikes out swinging
Top of the 8th over - 0 runs, 0 hits, 0 errors, 0 left on base; Seattle 6 - Washington 4
BOTTOM OF THE 8TH
Washington Bats batting - Pitching for Seattle Pilots : RHP Ryder Middleton
Batting: SHB Detwon Ayala 0-0: Ball
1-0: Called Strike
1-1: Ball
2-1: Ball
3-1: Foul Ball, location: 2F
3-2: Base on Balls
Batting: RHB Hayden Jones 0-0: Called Strike
0-1: Ball
1-1: Ball
2-1: Grounds into double play, 5-4-3 (Groundball, 56S, EV 88.8 MPH)
Batting: RHB Parker Lee 0-0: Ball
1-0: Ball
2-0: Ball
3-0: Called Strike
3-1: Swinging Strike
3-2: Foul Ball, location: 2F
3-2: Strikes out swinging
Bottom of the 8th over - 0 runs, 0 hits, 0 errors, 0 left on base; Seattle 6 - Washington 4
TOP OF THE 9TH
Seattle Pilots batting - Pitching for Washington Bats : LHP Kyle Nicholas
Pitching: LHP Darius Huschke
Batting: LHB Ryan Carr 0-0: Fly out, F5 (Popup, 56, EV 53.8 MPH)
Batting: LHB Cade McCormick 0-0: Called Strike
0-1: Ball
1-1: Ball
2-1: Foul Ball, location: 2F
2-2: Foul Ball, location: 2F
2-2: Strikes out looking
Batting: RHB Nickolas Kennedy 0-0: Ball
1-0: Swinging Strike
1-1: Foul Ball, location: 2F
1-2: Foul Ball, location: 2F
1-2: Ball
2-2: Ground out 5-3 (Groundball, 56S, EV 80.6 MPH)
Top of the 9th over - 0 runs, 0 hits, 0 errors, 0 left on base; Seattle 6 - Washington 4
BOTTOM OF THE 9TH
Washington Bats batting - Pitching for Seattle Pilots : RHP Ryder Middleton
Pitching: LHP R.J. Gabriele
Batting: LHB Dominick Hanneken 0-0: Called Strike
0-1: Ball
1-1: Ball
2-1: Ball
3-1: Ground out 5-3 (Groundball, 5, EV 105.6 MPH)
Pinch Hitting: RHB Neall Rabah 0-0: Ball
1-0: Called Strike
1-1: Called Strike
1-2: Ball
2-2: Ball
3-2: Strikes out looking
Pinch Hitting: RHB Derek Engledow 0-0: Ball
1-0: Called Strike
1-1: Swinging Strike
1-2: Strikes out swinging
Bottom of the 9th over - 0 runs, 0 hits, 0 errors, 0 left on base; Seattle 6 - Washington 4
Thursday, May 9th , 2024 - OOTP Baseball 23.10 Build 110